 Dungeon Crawl Stone Soup version 0.19.5 (webtiles) character file.

5362 Lostpass the Reanimator (level 10, -5/66 HPs)
             Began as a Demonspawn Necromancer on Mar 11, 2017.
             Was a Priest of Hepliaklqana.
             Slain by an orc warrior
             ... wielding a +0 halberd
              (18 damage)
             ... on level 9 of the Dungeon.
             The game lasted 02:06:58 (9788 turns).

Lostpass the Reanimator (Demonspawn Necromancer)    Turns: 9788, Time: 02:06:59

Health: -5/66      AC: 11    Str: 13    XL:     10   Next: 39%
Magic:  12/17      EV: 15    Int: 23    God:    Hepliaklqana [***...]
Gold:   691        SH:  0    Dex: 15    Spells: 9 memorised, 1 level left

rFire  + . .     SeeInvis .     b - +4 dagger (venom)
rCold  + . .     Gourm    .     K - +1 leather armour of the Beggar {rF+ Int+4}
rNeg   . . .     Faith    .     (no shield)
rPois  .         Spirit   .     (helmet restricted)
rElec  .         Reflect  .     I - +0 cloak
rCorr  .         Harm     .     A - +2 pair of gloves
MR     .....                    G - +2 pair of boots
Stlth  +++.......               (no amulet)
                                u - +3 ring of strength
                                w - ring of protection from cold

@: no status effects
A: reduced essence, hooves 1, horns 1, clever 1, low mp 1, nightstalker 1, slow
regeneration 2, spiny 1, sturdy frame 3
a: Recall Ancestor, Ancestor Identity, Transference, Renounce Religion


You were on level 9 of the Dungeon.
You worshipped Hepliaklqana.
Hepliaklqana was most pleased with you.
You were hungry.

You visited 2 branches of the dungeon, and saw 10 of its levels.
You also visited: Sewer and Bailey.

You collected 877 gold pieces.
You spent 186 gold pieces at shops.

Inventory:

Hand Weapons
 a - a +2 dagger of flaming
 b - a +4 dagger of venom (weapon)
 m - a +2 quarterstaff of chaos
 L - a +1 scimitar of flaming
Missiles
 E - 2 exploding tomahawks (quivered)
 F - 7 throwing nets
Armour
 i - a +2 helmet
 v - a +0 scale mail
 A - a +2 pair of gloves (worn)
 G - a +2 pair of boots (worn)
 I - a +0 cloak (worn)
 K - the +1 leather armour of the Beggar (worn) {rF+ Int+4}
   (You found it on level 8 of the Dungeon)

   It affects your intelligence (+4).
   It protects you from fire.
Jewellery
 g - an uncursed ring of protection from fire
 u - a +3 ring of strength (right hand)
 w - a ring of protection from cold (left hand)
 H - an uncursed ring of resist corrosion
Wands
 s - a wand of lightning (6/15)
 t - a wand of polymorph (17/24)
 N - a wand of enslavement (12/24)
 O - a wand of disintegration (6/24)
Scrolls
 d - 4 scrolls of remove curse
 f - a scroll of fog
 h - 2 scrolls of vulnerability
 k - 4 scrolls of amnesia
 p - a scroll of enchant weapon {unknown}
 q - 3 scrolls of teleportation
 r - 3 scrolls of magic mapping
 D - a scroll of recharging
Potions
 l - 2 potions of agility
 o - 6 potions of flight
 x - 3 potions of resistance
 z - a potion of lignification
 B - 3 potions of curing
 C - a potion of magic
Books
 e - a book of Necromancy

   Spells                             Type                      Level
   a - Pain                           Necromancy                   1
   b - Animate Skeleton               Necromancy                   1
   c - Vampiric Draining              Necromancy                   3
   d - Regeneration                   Charms/Necromancy            3
   e - Animate Dead                   Necromancy                   4
   f - Control Undead                 Necromancy                   4
 j - a Young Poisoner's Handbook

   Spells                             Type                      Level
   a - Sting                          Conjuration/Poison           1
   b - Mephitic Cloud                 Conjuration/Poison/Air       3
   c - Olgreb's Toxic Radiance        Poison                       4
   d - Alistair's Intoxication        Transmutation/Poison         5
   e - Venom Bolt                     Conjuration/Poison           5
 y - a book of Maledictions

   Spells                             Type                      Level
   a - Corona                         Hexes                        1
   b - Ensorcelled Hibernation        Hexes/Ice                    2
   c - Confuse                        Hexes                        3
   d - Tukima's Dance                 Hexes                        3
   e - Dazzling Spray                 Conjuration/Hexes            3
 J - a book of Minor Magic

   Spells                             Type                      Level
   a - Magic Dart                     Conjuration                  1
   b - Blink                          Translocation                2
   c - Call Imp                       Summoning                    2
   d - Repel Missiles                 Charms/Air                   2
   e - Slow                           Hexes                        2
   f - Conjure Flame                  Conjuration/Fire             3
   g - Mephitic Cloud                 Conjuration/Poison/Air       3
Comestibles
 c - 7 bread rations
 n - 6 meat rations
 M - 2 chunks of flesh
 P - 3 fruits


   Skills:
 * Level 5.5 Fighting
 * Level 5.6 Short Blades
 + Level 0.6 Throwing
 + Level 3.7 Armour
 * Level 5.9 Dodging
 - Level 2.0 Stealth
 + Level 6.6 Spellcasting
 + Level 4.0 Hexes
 + Level 1.3 Charms
 + Level 8.1 Necromancy
 + Level 0.3 Invocations


You had one spell level left.
You knew the following spells:

 Your Spells              Type           Power        Failure   Level  Hunger
a - Pain                  Necr           ####         1%          1    None
b - Animate Skeleton      Necr           N/A          1%          1    None
c - Vampiric Draining     Necr           #####.....   1%          3    None
d - Animate Dead          Necr           N/A          3%          4    ###....
e - Slow                  Hex            ####....     2%          2    None
f - Confuse               Hex            ####....     6%          3    None
o - Corona                Hex            ####...      1%          1    None
r - Regeneration          Chrm/Necr      ####......   4%          3    None
t - Tukima's Dance        Hex            ####....     6%          3    None


Dungeon Overview and Level Annotations

Branches:
Dungeon (9/15)             Temple (1/1) D:7
   Lair: D:8-11         Orc: D:9-12

Altars:
Ashenzari
Cheibriados
Dithmenos
Elyvilon
Fedhas
Gozag
Hepliaklqana
Kikubaaqudgha
Makhleb
Nemelex Xobeh
Okawaru
Qazlal
Ru
Sif Muna
Trog
Uskayaw
Vehumet
Xom
Yredelemnul
Zin
The Shining One

Shops:
D:6 !


Innate Abilities, Weirdness & Mutations

You have large cloven feet.
You are slightly more attuned to the shadows.
You are partially covered in sharp spines.
Your movements are significantly less encumbered by armour. (ER -6)
Your life essence is reduced. (-10% HP)
You have a pair of small horns on your head.
Your mind is acute. (Int +2)
Your magical capacity is low. (-10% MP)
You do not regenerate when monsters are visible.


Message History

Kammani barely misses the orc warrior.
The orc warrior is struck by your spines.
The orc warrior closely misses you.
The wyvern zombie bites you but does no damage.
You hit the orc priest but do no damage.
The orc priest looks as sick as possible!
The orc priest is severely wounded.
The orc priest mumbles some strange prayers to Beogh against you.
Beogh smites you!
* * * LOW HITPOINT WARNING * * *
Kammani blocks the orc's attack.
The wyvern zombie is struck by your spines.
The wyvern zombie bites you but does no damage.
Kammani hits the orc warrior with a flail!
You kill the orc priest!
The orc warrior barely misses you.
Kammani blocks the orc's attack.
Kammani barely misses the orc.
The wyvern zombie closely misses you.
The orc warrior hits you from afar with a halberd!!
You die...

#........#
#.........
#........#
..###........#
#........†...#
#).oR....#
#.).o....#
####Z#####
#.@.## ###..#
#######'##
#........#
#.......<+
#........#
+........#
#..>.....#
#####+####


You could see the friendly Kammani the knight, an orc warrior, an orc and a
wyvern zombie.

Vanquished Creatures
  A spriggan (D:7)
  Eustachio (D:6)
  A hungry ghost (D:8)
  Menkaure (D:6)
  A black bear (D:6)
  An ice beast (D:6)
  2 sky beasts
  3 ogres
  2 phantoms (D:4)
  A wolf (D:8)
  Blork the orc (D:6)
  2 gnoll sergeants (Bailey)
  3 bullfrogs
  A scorpion (D:5)
  A wight (D:8)
  3 howler monkeys (D:8)
  4 crimson imps
  2 bullfrog zombies
  5 hounds
  A jelly (D:7)
  5 orc priests
  4 gnoll shamans (Bailey)
  4 orc wizards
  Crazy Yiuf (D:2)
  An iguana (D:5)
  A siren (Sewer)
  5 worker ants
  A merfolk avatar (Sewer)
  A hound skeleton (D:8)
  A hound zombie (D:8)
  A worker ant zombie (D:7)
  12 gnolls
  A howler monkey skeleton (D:5)
  11 adders
  3 oozes
  An adder skeleton (D:7)
  3 worms
  2 dart slugs
  5 leopard geckos
  17 orcs
  9 ball pythons
  7 bats
  3 giant cockroaches
  4 goblins
  5 hobgoblins
  7 jackals
  3 quokkas
  A ball python skeleton (D:2)
  6 frilled lizards
  8 kobolds
  A quokka skeleton (D:2)
  28 rats
  A fungus (D:2)
200 creatures vanquished.

Vanquished Creatures (collateral kills)
  Erica (D:8)
  Grum (D:8)
  2 ogres
  A phantom (D:6)
  A wolf (D:8)
  A centaur (D:8)
  2 bullfrogs (D:8)
  6 gnoll sergeants (Bailey)
  A water moccasin skeleton (D:5)
  2 wights (D:8)
  A howler monkey (D:6)
  2 crimson imps
  2 hounds
  A centaur skeleton (D:6)
  2 gnoll shamans (Bailey)
  An orc priest (D:5)
  An orc wizard (D:7)
  An iguana (D:6)
  8 gnolls
  6 adders
  An adder zombie (D:2)
  2 leopard geckos
  3 orcs
  4 ball pythons
  2 bats (D:3)
  A giant cockroach (D:3)
  A goblin (D:3)
  A hobgoblin (D:3)
  2 frilled lizards
  5 rats
65 creatures vanquished.

Grand Total: 265 creatures vanquished

Notes
Turn   | Place    | Note
-------+----------+-------------------------------------------
     0 | D:1      | Lostpass the Demonspawn Necromancer began the quest for the Orb.
     0 | D:1      | Reached XP level 1. HP: 13/13 MP: 3/3
   523 | D:1      | Learned a level 1 spell: Animate Skeleton
   538 | D:1      | Gained mutation: You have large cloven feet. [demonic ancestry]
   538 | D:1      | Reached XP level 2. HP: 20/20 MP: 1/5
  1683 | D:2      | Found a hazy altar of Hepliaklqana.
  1699 | D:2      | Became a worshipper of Hepliaklqana the Forgotten
  1762 | D:2      | Found a glowing silver altar of Zin.
  1797 | D:2      | Reached XP level 3. HP: 7/22 MP: 1/6
  1815 | D:2      | HP: 1/22 [poisoned by an adder]
  2310 | D:2      | Learned a level 3 spell: Vampiric Draining
  2330 | D:2      | Reached skill level 5 in Necromancy
  2385 | D:2      | Reached skill level 1 in Fighting
  2385 | D:2      | Reached XP level 4. HP: 11/28 MP: 0/8
  2628 | D:2      | Found a faded altar of an unknown god.
  2672 | D:2      | Found a sparkling altar of Nemelex Xobeh.
  2887 | D:2      | Found a runed door.
  2891 | D:2      | Noticed Crazy Yiuf
  2899 | D:2      | Killed Crazy Yiuf
  3180 | D:3      | Reached skill level 1 in Short Blades
  3188 | D:3      | Gained mutation: Your movements are slightly less encumbered by armour. (ER -2) [demonic ancestry]
  3188 | D:3      | Reached XP level 5. HP: 29/33 MP: 9/9
  3220 | D:3      | Found a glowing drain.
  3225 | Sewer    | Entered a sewer
  3636 | Sewer    | Gained mutation: You have a pair of small horns on your head. [potion of mutation]
  3636 | Sewer    | Gained mutation: You regenerate slowly when monsters are visible. [potion of mutation]
  3636 | Sewer    | Gained mutation: You occasionally shout uncontrollably at your foes. [potion of mutation]
  3637 | Sewer    | Gained mutation: Your magical capacity is low. (-10% MP) [potion of mutation]
  3637 | Sewer    | Gained mutation: You do not regenerate when monsters are visible. [potion of mutation]
  3761 | D:3      | Reached * piety under Hepliaklqana
  3887 | D:3      | Gained mutation: Your movements are less encumbered by armour. (ER -4) [demonic ancestry]
  3887 | D:3      | Reached XP level 6. HP: 35/39 MP: 9/9
  4041 | D:3      | Gained mutation: Your movements are significantly less encumbered by armour. (ER -6) [potion of beneficial mutation]
  4692 | D:4      | Found a sacrificial altar of Ru.
  4720 | D:4      | Found a shadowy altar of Dithmenos.
  4786 | D:4      | Reached skill level 6 in Necromancy
  4786 | D:4      | Reached XP level 7. HP: 35/45 MP: 11/11
  5145 | D:4      | Reached ** piety under Hepliaklqana
  5147 | D:4      | Remembered your ancestor Kammani as a knight
  5167 | D:4      | Found a white marble altar of Elyvilon.
  5167 | D:4      | Found a bloodstained altar of Trog.
  5251 | D:4      | Reached skill level 1 in Armour
  5477 | D:5      | Entered Level 5 of the Dungeon
  5565 | D:5      | Gained mutation: You are slightly more attuned to the shadows. [demonic ancestry]
  5565 | D:5      | Reached XP level 8. HP: 36/52 MP: 4/13
  5837 | D:5      | Noticed a hand axe
  5838 | D:5      | Found a hide-covered altar of Uskayaw.
  5838 | D:5      | Noticed a dagger
  5885 | D:5      | Reached skill level 5 in Spellcasting
  6271 | D:5      | Learned a level 1 spell: Corona
  6276 | D:5      | Learned a level 4 spell: Animate Dead
  6280 | D:5      | Learned a level 3 spell: Regeneration
  6360 | D:6      | Found Iplairuev's Distillery.
  6363 | D:6      | Bought a potion of lignification for 36 gold pieces
  6363 | D:6      | Bought a potion of mutation for 30 gold pieces
  6363 | D:6      | Bought a potion of agility for 48 gold pieces
  6363 | D:6      | Bought a potion of curing for 36 gold pieces
  6363 | D:6      | Bought a potion of curing for 36 gold pieces
  6369 | D:6      | Lost mutation: You occasionally shout uncontrollably at your foes. [potion of mutation]
  6369 | D:6      | Gained mutation: Your mind is acute. (Int +2) [potion of mutation]
  6397 | D:6      | Noticed Blork the orc
  6406 | D:6      | Killed Blork the orc
  6408 | D:6      | Noticed Eustachio
  6429 | D:6      | Killed Eustachio
  6429 | D:6      | Reached skill level 1 in Hexes
  6512 | D:6      | Noticed Menkaure
  6523 | D:6      | Killed Menkaure
  6523 | D:6      | Reached skill level 7 in Necromancy
  6697 | D:6      | Found a shadowy altar of Dithmenos.
  6755 | D:6      | Gained mutation: You are partially covered in sharp spines. [demonic ancestry]
  6755 | D:6      | Reached XP level 9. HP: 41/58 MP: 11/15
  6809 | D:6      | Learned a level 3 spell: Tukima's Dance
  7169 | D:7      | Found a deep blue altar of Sif Muna.
  7273 | D:7      | Learned a level 2 spell: Slow
  7521 | D:7      | Found a staircase to the Ecumenical Temple.
  7527 | Temple   | Entered the Ecumenical Temple
  7527 | Temple   | Reached *** piety under Hepliaklqana
  7866 | D:7      | Reached skill level 5 in Dodging
  8226 | D:8      | Found a flagged portal.
  8232 | Bailey   | Entered a bailey
  8405 | Bailey   | Reached skill level 5 in Short Blades
  8814 | D:8      | Reached skill level 5 in Fighting
  8977 | D:8      | Noticed Erica
  8990 | D:8      | Killed Erica
  8990 | D:8      | Reached XP level 10. HP: 53/66 MP: 17/17
  9085 | D:8      | Found a shimmering altar of Xom.
  9090 | D:8      | Found a shimmering altar of Xom.
  9090 | D:8      | Found a shimmering altar of Xom.
  9091 | D:8      | Found a shimmering altar of Xom.
  9091 | D:8      | Found a shimmering altar of Xom.
  9093 | D:8      | Found a shimmering altar of Xom.
  9111 | D:8      | Found an ancient bone altar of Kikubaaqudgha.
  9146 | D:8      | Reached skill level 8 in Necromancy
  9261 | D:8      | Noticed Grum
  9271 | D:8      | Reached skill level 1 in Charms
  9276 | D:8      | Killed Grum
  9303 | D:8      | Learned a level 3 spell: Confuse
  9382 | D:8      | Got a shimmering leather armour
  9393 | D:8      | Identified the cursed +1 leather armour of the Beggar {rF+ Int+4} (You found it on level 8 of the Dungeon)
  9605 | D:8      | Found a glowing golden altar of the Shining One.
  9788 | D:9      | Slain by an orc warrior

Skill      XL: |  1  2  3  4  5  6  7  8  9 10 |
---------------+-------------------------------+-----
Dodging        | 2 3 4 5 |  5.9
Stealth        | 2 |  2.0
Necromancy     | 5 6 7 8 |  8.1
Fighting       | 1 2 3 5 |  5.5
Short Blades   | 1 2 3 4 5 |  5.6
Spellcasting   | 3 4 5 6 |  6.6
Armour         | 1 2 3 |  3.7
Hexes          | 1 3 4 |  4.0
Charms         | 1 |  1.3
Throwing       | |  0.6
Invocations    | |  0.3

Action                   |  1- 3 |  4- 6 |  7- 9 | 10-12 || total
-------------------------+-------+-------+-------+-------++-------
Melee: Unarmed           |     6 |       |       |       ||     6
       Dagger            |    47 |   227 |   347 |    53 ||   674
       Kick              |     3 |    44 |    60 |       ||   107
       Headbutt          |       |    13 |    61 |     9 ||    83
Throw: Tomahawk          |       |       |     4 |     1 ||     5
 Cast: Pain              |    35 |    18 |    13 |     2 ||    68
       Animate Skeleton  |     1 |     8 |     9 |       ||    18
       Vampiric Draining |     2 |    13 |    28 |     2 ||    45
       Corona            |       |       |     5 |     1 ||     6
       Animate Dead      |       |       |    10 |     1 ||    11
       Regeneration      |       |       |     7 |     1 ||     8
       Tukima's Dance    |       |       |     4 |       ||     4
       Slow              |       |       |     1 |       ||     1
Invok: Ancestor Life: Kn |       |       |     1 |       ||     1
       Transference      |       |       |     1 |       ||     1
Evoke: Wand              |       |       |     1 |       ||     1
  Use: Potion            |     4 |     8 |     4 |     1 ||    17
       Scroll            |     4 |     3 |     9 |     2 ||    18
 Stab: Sleeping          |     1 |     3 |       |     4 ||     8
       Distracted        |     1 |     3 |     6 |     1 ||    11
       Invisible         |       |     1 |       |       ||     1
  Eat: Chunk             |     5 |    10 |    17 |     3 ||    35
       Meat ration       |       |       |     1 |       ||     1
       Beef jerky        |       |       |     1 |       ||     1
Armor: Robe              |    17 |    40 |       |       ||    57
       Scale mail        |       |    22 |   141 |     2 ||   165
       Leather armour    |       |       |       |    13 ||    13
Dodge: Dodged            |    41 |   158 |   233 |    36 ||   468
